 Dungeon Crawl Stone Soup version 0.31-a0-1-g4198be8af4 (webtiles) character file.

Game seed: 9389037154233959717

48424 Gargoyl the Cleaver (level 14, -1/135 HPs)
             Began as a Gargoyle Berserker on May 3, 2023.
             Was an Elder of Trog.
             Killed from afar by a Hell Sentinel (45 damage)
             ... with damnation
             ... on level 1 of the Abyss.
             The game lasted 00:25:06 (14092 turns).

Gargoyl the Cleaver (Gargoyle Berserker)           Turns: 14092, Time: 00:25:07

Health: -1/135     AC: 28    Str: 21    XL:     14   Next: 46%
Magic:  14/14      EV: 13    Int:  3    God:    Trog [****..]
Gold:   1366       SH: 26    Dex: 13    Spells: 13/13 levels left

rFire   . . .        K - +3 war axe (elec)
rCold   . . .        N - +10 tower shield of Ignorance {rN+ Int-4}
rNeg    + + .        H - +1 steam dragon scales
rPois   ∞            m - +2 helmet
rElec   +            G - +2 cloak
rCorr   +            B - +2 pair of gloves
SInv    .            (no boots)
Will    +++..        q - amulet of regeneration Stlth
                     v - ring of resist corrosion
HPRegen 2.22/turn    (no ring)
MPRegen 0.14/turn

%: no passive effects
@: berserking, strong-willed, flying, regenerating, very quick
A: sickness immunity, AC +10, big wings, negative energy resistance 1,
electricity resistance, torment resistance 1, petrification resistance, weak 1,
devolution 1
a: Renounce Religion, Berserk, Trog's Hand, Brothers in Arms


You were on level 1 of the Abyss.
You worshipped Trog.
Trog was greatly pleased with you.
You visited 2 branches of the dungeon, and saw 15 of its levels.
You visited the Abyss 2 times.
You also visited: Sewer.

You collected 1366 gold pieces.

Inventory:

Hand Weapons
 I - the +2 flail "Spiderslayer" {drain, Str+4}
   (You found it on level 9 of the Dungeon)

   Str:       It affects your strength (+4).
 K - a +3 war axe of electrocution (weapon)
 P - a +3 eveningstar
 X - a +7 war axe of protection
Missiles
 f - 2 curare-tipped darts (quivered)
 r - 14 poisoned darts
 w - 3 throwing nets
Armour
 m - a +2 helmet (worn)
 B - a +2 pair of gloves (worn)
 G - a +2 cloak (worn)
 H - +1 steam dragon scales (worn)
 N - the +10 tower shield of Ignorance (worn) {rN+ Int-4}
   (You found it on level 2 of the Lair of Beasts)

   Int:       It affects your intelligence (-4).
   rN:        It protects you from negative energy.
Jewellery
 h - an amulet of the acrobat
 q - an amulet of regeneration (around neck)
 v - a ring of resist corrosion (left hand)
 y - the amulet of Elemental Vulnerability {rPois rF-- rC-- AC+8}
   (You found it on level 1 of the Lair of Beasts)

   [amulet of nothing]

   AC:        It affects your AC (+8).
   rF:        It makes you very vulnerable to fire.
   rC:        It makes you very vulnerable to cold.
   rPois:     It protects you from poison.
 V - a ring of fire
Wands
 b - a wand of flame (13)
 d - a wand of quicksilver (6)
 D - a wand of iceblast (20)
 F - a wand of paralysis (16)
 U - a wand of digging (6)
Scrolls
 a - a scroll of vulnerability
 j - 20 scrolls of identify
 o - 4 scrolls of teleportation
 x - 3 scrolls of poison
 C - 3 scrolls of magic mapping
 J - 2 scrolls of enchant armour
 L - a scroll of fog
 M - 2 scrolls of blinking
 Q - a scroll of fear
 S - a scroll of silence
Potions
 c - 7 potions of heal wounds
 e - 6 potions of flight
 g - 8 potions of degeneration {unknown}
 i - 4 potions of lignification {unknown}
 k - 15 potions of curing
 l - 6 potions of haste {unknown}
 n - 4 potions of attraction {unknown}
 p - 3 potions of brilliance {unknown}
 s - a potion of invisibility {unknown}
 t - 3 potions of berserk rage {unknown}
 u - 2 potions of might {unknown}
 z - a potion of resistance {unknown}
 A - 2 potions of magic {unknown}
 E - 3 potions of mutation {unknown}
 O - a potion of ambrosia {unknown}
Miscellaneous
 R - a lightning rod (4/4)


   Skills:
 + Level 11.5 Fighting
 + Level 14.5(15.0) Axes
 + Level 6.1(11.9) Maces & Flails
 + Level 0.6 Throwing
 + Level 7.7 Armour
 + Level 8.8 Dodging
 + Level 3.4 Stealth
 + Level 10.3 Shields


You had 13 spell levels left.
You didn't know any spells.
Your spell library was empty.

Dungeon Overview and Level Annotations

Branches:
Dungeon (10/15)            Temple (0/1) D:5            Lair (5/5) D:10
  Swamp (0/4) Lair:2       Spider (0/4) Lair:3        Slime (0/5) Lair:5
    Orc (0/2) D:10          Sewer (visited)

Altars:
Dithmenos
Elyvilon
Makhleb
Nemelex Xobeh
Qazlal
Sif Muna
Wu Jian
Xom
Zin
The Shining One
Lugonu

Shops:
D:3 !   D:4 *

Portals:
Abyss: Lair:5


Innate Abilities, Weirdness & Mutations

You are immune to sickness and miasma.
Your stone body is resilient. (AC +10)
You are immune to poison.
Your large and strong wings let you fly.
You resist negative energy. (rN+)
You are resistant to electric shocks. (rElec)
You are resistant to unholy torment.
You are immune to petrification.
You are weak. (Str -2)
You have hidden genetic defects.


Message History

This branch contains the abyssal rune of Zot.
Found a gateway leading out of the Abyss.
There is a gateway leading out of the Abyss here.
A white imp comes into view.
The white imp shouts, "Take thy face hence, thou jarring dismal-dreaming brigand!"
The white imp gestures at you. You block the puff of frost.
You block the white imp's attack.
You slice the white imp!!
You kill the white imp!
Trog accepts your kill.
A Hell Sentinel comes into view.
Found a gateway leading deeper into the Abyss.
The Hell Sentinel roars!
The Hell Sentinel gestures at you.
The sphere of damnation explodes!
The damnation engulfs you!!
The damnation engulfs the Hell Sentinel.
The Hell Sentinel completely resists.
You hear a roar! x2
Your skin crawls.
You feel strong-willed.
The Hell Sentinel completely misses you.
The Hell Sentinel hits you but does no damage.
A small abomination comes into view.
Your two-headed ogre goes berserk!
Trog will no longer gift you weapons. The Hell Sentinel hits you!
You block the Hell Sentinel's attack.
A red film seems to cover your vision as you go berserk!
You feel yourself moving faster!
You feel mighty! The Hell Sentinel gestures at you.
The sphere of damnation explodes!
The damnation engulfs you!!!
The damnation engulfs the Hell Sentinel.
The Hell Sentinel completely resists.
Your two-headed ogre rages.
You hear a roar!
You hear a horrible gurgling sound!
You slash the Hell Sentinel!
The Hell Sentinel is lightly wounded.
The Hell Sentinel gestures at you.
The sphere of damnation explodes!
The damnation engulfs you!!!
You die...

#...#.... # ## . #
## ..#........ # #
#####. ...##.#.# .#
#.....####.x...#...
###.#...##..#....##
#..##.....##.# ..
#........#..#.#...
###.#O..#...... ..#
#.#@.......##.#.
#......1.....##
.#.....#...#.#
...#... .#...#
#...#.# ...>#..
..... #...# .
#.#... #.#. .###.#
.#..


You could see a Hell Sentinel (ally target), a small abomination and a friendly
two-headed ogre (summoned, berserk).

Vanquished Creatures
  2 tentacled starspawn (Abyss:1)
  A balrug (Abyss:1)
  Harold (D:10)
  A hydra (Lair:4)
  2 two-headed ogres
  A boulder beetle (Lair:2)
  4 thrashing horrors
  Urug (D:10)
  2 skysharks (Lair:5)
  A lindwurm (shapeshifter) (Lair:5)
  A bog body (Lair:2)
  3 ugly things
  3 black mambas
  11 elephants (Lair:4)
  An orange demon (Abyss:1)
  A smoke demon (Lair:5)
  7 cane toads
  A centaur skeleton (Abyss:1)
  7 komodo dragons
  4 ancient zymes
  4 rime drakes
  A troll (shapeshifter) (Abyss:1)
  A tormentor (Abyss:1)
  2 polar bears
  A troll (D:10)
  18 blink frogs
  4 raiju (Abyss:1)
  3 large abominations (Abyss:1)
  7 wyverns
  Sigmund (D:2)
  A shadow (D:10)
  4 spriggans
  4 ynoxinuls (Lair:5)
  Eustachio (D:4)
  9 basilisks
  A wraith (D:10)
  38 yaks
  3 steam dragons
  2 chaos spawn (Lair:5)
  2 neqoxecs (Abyss:1)
  Menkaure (D:4)
  A swamp worm (Lair:2)
  The ghost of Jarnaxa the Magician, an amateur DEFE (D:4)
  14 water moccasins
  3 orc warriors
  An ice beast (D:6)
  An ogre (D:6)
  4 black bears
  13 wolves
  A centaur (D:9)
  2 phantoms (D:4)
  2 kobold brigands (Sewer)
  9 small abominations (Lair:5)
  7 bullfrogs
  2 scorpions
  5 wights (D:8)
  7 killer bees
  2 howler monkeys (D:8)
  5 electric eels (Lair:2)
  A quasit (Abyss:1)
  10 orc priests
  3 jellies
  2 gnoll boudas
  3 hounds
  2 sleepcaps
  14 orc wizards
  2 iguanas (D:4)
  6 hell rats (Lair:4)
  Robin (D:2)
  11 gnolls
  3 adders
  4 river rats (Sewer)
  3 white imps
  3 ufetubi
  A worm (D:3)
  3 dart slugs
  50 orcs
  7 ball pythons
  8 bats
  9 endoplasms
  7 giant cockroaches
  20 goblins
  6 hobgoblins
  10 jackals
  10 kobolds
  7 quokkas
  2 frilled lizards
  6 rats
457 creatures vanquished.

Vanquished Creatures (collateral kills)
  A thrashing horror (Lair:5)
  A fire crab (Lair:3)
  Maggie (D:9)
  A rime drake (Lair:3)
  A small abomination (Abyss:1)
  A wight (Abyss:1)
6 creatures vanquished.

Vanquished Creatures (others)
  16 fungi
  28 plants
  4 starspawn tentacles (Abyss:1)
48 creatures vanquished.

Grand Total: 511 creatures vanquished

Notes
Turn   | Place    | Note
-------+----------+-------------------------------------------
     0 | D:1      | Gargoyl the Gargoyle Berserker began the quest for the Orb.
     0 | D:1      | Reached XP level 1. HP: 14/14 MP: 1/1
    71 | D:1      | Reached XP level 2. HP: 13/19 MP: 2/2
    78 | D:1      | Reached skill level 3 in Axes
   285 | D:1      | Reached XP level 3. HP: 24/24 MP: 3/3
   402 | D:1      | Reached ** piety under Trog
  1293 | D:2      | Noticed Sigmund
  1299 | D:2      | Killed Sigmund
  1300 | D:2      | Reached skill level 4 in Axes
  1300 | D:2      | Reached XP level 4. HP: 29/29 MP: 4/4
  1300 | D:2      | Reached XP level 5. HP: 33/33 MP: 5/5
  1490 | D:2      | Found a white marble altar of Elyvilon.
  1490 | D:2      | Noticed Robin
  1503 | D:2      | Reached XP level 6. HP: 38/38 MP: 6/6
  1504 | D:2      | Killed Robin
  1505 | D:2      | Reached skill level 1 in Stealth
  2065 | D:3      | Found a glowing drain.
  2079 | Sewer    | Entered a sewer
  2210 | Sewer    | Reached skill level 5 in Axes
  2210 | Sewer    | Reached XP level 7. HP: 36/44 MP: 7/7
  2243 | Sewer    | Found a white marble altar of Elyvilon.
  2525 | D:3      | Found a faded altar of an unknown god.
  2604 | D:3      | Found Nihomepy's Distillery.
  2945 | D:4      | Reached *** piety under Trog
  2990 | D:4      | Found Zin's Purification Station.
  2991 | D:4      | Found a glowing silver altar of Zin.
  2992 | D:4      | Noticed Eustachio
  3004 | D:4      | Killed Eustachio
  3120 | D:4      | Noticed Menkaure
  3126 | D:4      | Killed Menkaure
  3127 | D:4      | Reached skill level 5 in Fighting
  3127 | D:4      | Reached skill level 6 in Axes
  3127 | D:4      | Reached XP level 8. HP: 49/49 MP: 8/8
  3425 | D:4      | Noticed a two-headed ogre
  3425 | D:4      | Noticed Jarnaxa's ghost (amateur DEFE)
  3426 | D:4      | Found a runed translucent door.
  3574 | D:4      | Killed Jarnaxa's ghost
  3575 | D:4      | Reached skill level 7 in Axes
  3584 | D:4      | Killed a two-headed ogre
  3585 | D:4      | Reached skill level 5 in Armour
  3585 | D:4      | Reached XP level 9. HP: 37/56 MP: 9/9
  3613 | D:5      | Entered Level 5 of the Dungeon
  3621 | D:5      | Found a staircase to the Ecumenical Temple.
  3846 | D:5      | Reached skill level 8 in Axes
  3850 | D:5      | Found a glowing golden altar of the Shining One.
  4019 | D:5      | Found an ornate altar of the Wu Jian Council.
  4669 | D:6      | Found a stormy altar of Qazlal.
  5029 | D:7      | Found a shimmering altar of Xom.
  5129 | D:7      | Reached skill level 9 in Axes
  5174 | D:7      | Reached **** piety under Trog
  5719 | D:8      | Found a burning altar of Makhleb.
  5762 | D:8      | Reached XP level 10. HP: 63/63 MP: 10/10
  6318 | D:9      | Found a shadowy altar of Dithmenos.
  6508 | D:9      | Found a sparkling altar of Nemelex Xobeh.
  6537 | D:9      | Noticed Maggie
  6551 | D:9      | Killed Maggie
  6552 | D:9      | Reached skill level 10 in Axes
  6640 | D:9      | Noticed a two-headed ogre
  6644 | D:9      | Killed a two-headed ogre
  6788 | D:9      | Identified the +2 flail "Spiderslayer" {drain, Str+4}
  6906 | D:9      | Found a shimmering blue altar of Sif Muna.
  7043 | D:10     | Entered Level 10 of the Dungeon
  7149 | D:10     | Noticed Urug
  7166 | D:10     | Killed Urug
  7167 | D:10     | Reached skill level 1 in Maces & Flails
  7217 | D:10     | Reached skill level 5 in Dodging
  7251 | D:10     | Reached XP level 11. HP: 52/68 MP: 11/11
  7278 | D:10     | Found a staircase to the Orcish Mines.
  7329 | D:10     | Reached skill level 11 in Axes
  7586 | D:10     | Noticed a brown ugly thing
  7594 | D:10     | Killed a brown ugly thing
  7657 | D:10     | Found a staircase to the Lair.
  7729 | D:10     | Noticed Harold
  7744 | D:10     | Killed Harold
  8045 | Lair:1   | Entered Level 1 of the Lair of Beasts
  8058 | Lair:1   | Reached skill level 12 in Axes
  8103 | Lair:1   | Reached ***** piety under Trog
  8170 | Lair:1   | Found the amulet of Elemental Vulnerability {rPois rF--
                  | rC-- AC+8}
  8268 | Lair:1   | Found a gate leading to a gauntlet.
  8655 | Lair:1   | Reached XP level 12. HP: 72/76 MP: 12/12
  9420 | Lair:2   | Found the +10 tower shield of Ignorance {rN+ Int-4}
  9497 | Lair:2   | Reached skill level 1 in Shields
  9499 | Lair:2   | Reached skill level 13 in Axes
  9669 | Lair:2   | You fall into a shaft and drop 2 floors!
  9744 | Lair:4   | Reached skill level 10 in Fighting
  9746 | Lair:4   | Noticed a six-headed hydra
  9780 | Lair:4   | Killed a six-headed hydra
  9810 | Lair:4   | Received a gift from Trog
 10124 | Lair:3   | Reached skill level 5 in Maces & Flails
 10182 | Lair:2   | Noticed a boulder beetle
 10223 | Lair:2   | Killed a boulder beetle
 10224 | Lair:2   | Reached skill level 5 in Shields
 10582 | Lair:2   | Reached XP level 13. HP: 83/83 MP: 13/13
 10712 | Lair:2   | Found a staircase to the Swamp.
 11044 | Lair:3   | Found a hole to the Spider Nest.
 11138 | Lair:3   | Found a white marble altar of Elyvilon.
 12301 | Lair:5   | Entered Level 5 of the Lair of Beasts
 12353 | Lair:5   | Found a staircase to the Slime Pits.
 12881 | Lair:5   | Reached skill level 14 in Axes
 13055 | Lair:5   | Gained mutation: Your large and strong wings let you fly.
                  | [Gargoyle growth]
 13055 | Lair:5   | Reached XP level 14. HP: 78/90 MP: 14/14
 13433 | Lair:5   | Found a corrupted altar of Lugonu.
 13433 | Lair:5   | Found a one-way gate to the infinite horrors of the Abyss.
 13657 | Lair:5   | Voluntarily entered the Abyss.
 13761 | Abyss:1  | Gained mutation: You have hidden genetic defects. [a
                  | neqoxec]
 13763 | Abyss:1  | Gained mutation: You are weak. (Str -2) [a neqoxec]
 13785 | Abyss:1  | Noticed a lich
 13786 | Abyss:1  | Noticed a tentacled starspawn
 13813 | Abyss:1  | Killed a tentacled starspawn
 13814 | Abyss:1  | Reached skill level 10 in Shields
 13909 | Abyss:1  | Noticed a balrug
 13918 | Abyss:1  | Killed a balrug
 13975 | Abyss:1  | Noticed a tentacled starspawn
 13984 | Abyss:1  | Killed a tentacled starspawn
 13996 | Lair:5   | Escaped the Abyss
 13998 | Lair:5   | Voluntarily entered the Abyss.
 14084 | Abyss:1  | Noticed a Hell Sentinel
 14092 | Abyss:1  | Killed from afar by a Hell Sentinel

Illustrated notes

Levels and vault maps discovered:
D:1:      denvon_arrival_planthouse, layout_basic
D:2:      layout_basic, basic_altar, uniq_sigmund, uniq_robin
D:3:      layout_loops_corners, serial_shops, shop,
          hellmonk_ecumenical_altar_run_dry, gup_sewer_entry_pipe
D:4:      layout_rooms, zin_purify, ebering_ghost_inner_flame, uniq_eustachio,
          uniq_menkaure
D:5:      layout_basic, mainiacjoe_overflow_paths, mainiacjoe_overflow_24_doors,
          minmay_temple_entry_slanted
D:6:      layout_rooms, nicolae_qazlal_style_of_elements
D:7:      hellmonk_crumbling_castle, layout_basic, brannock_xom_greatest_gift
D:8:      layout_basic, mainiacjoe_overflow_chevrons
D:9:      layout_roguey, mainiacjoe_overflow_alcove_2,
          nemelex_spade_bored_becter, grunt_dithmenos_smoke, uniq_maggie
D:10:     layout_basic, minmay_lair_entry_grove, hiddenorc2_lemuel,
          nicolae_elevator_lobby_plus, uniq_harold, uniq_urug
Lair:1:   layout_small_grid, gauntlet_entry_generic, grunt_megastairs_3
Lair:2:   layout_concentric_octagons, nicolae_swamp_entry_splash_gauntlet,
          disabler_island, grunt_megastairs_4
Lair:3:   layout_cave_pods, dummy_spider_entry, basic_altar,
          grunt_forest_large_clearing_hut
Lair:4:   layout_loops_ring, wad_woods_03, lemuel_fruit_fields
Lair:5:   hellmonk_lair_end_abyssal_woods, layout_regular_city,
          nicolae_slime_entry_slimehenge
Abyss:1:  base: D:10, minivault_24, base: D:10, gammafunk_corrupted_shrine

Skill      XL: |  1  2  3  4  5  6  7  8  9 10 11 12 13 14 |
---------------+-------------------------------------------+-----
Axes           | 3 4 5 6 7 9 10 12 13 14 | 14.5
Dodging        | 2 3 4 5 6 7 8 |  8.8
Fighting       | 4 5 6 7 8 9 10 11 | 11.5
Armour         | 3 4 5 6 7 |  7.7
Stealth        | 1 2 3 |  3.4
Maces & Flails | 2 5 6 |  6.1
Shields        | 5 8 10 | 10.3
Throwing       | |  0.6

Action                     |  1- 3 |  4- 6 |  7- 9 | 10-12 | 13-15 || total
---------------------------+-------+-------+-------+-------+-------++-------
  Melee: Hand axe          |   111 |   131 |   344 |    13 |       ||   599
         Punch             |       |       |     3 |     4 |       ||     7
         Battleaxe         |       |       |       |    94 |       ||    94
         Flail             |       |       |       |   216 |       ||   216
         War axe           |       |       |       |   317 |   525 ||   842
  Throw: Dart              |       |       |       |     2 |     1 ||     3
 Invoke: Berserk           |     2 |     3 |     7 |     4 |     6 ||    22
         Trog's Hand       |     1 |     2 |     6 |     7 |     7 ||    23
         Brothers in Arms  |       |       |       |     1 |     5 ||     6
  Evoke: Wand              |       |       |       |     3 |       ||     3
    Use: Scroll            |     4 |     2 |     5 |     4 |     3 ||    18
         Potion            |       |       |       |       |     1 ||     1
   Stab: Sleeping          |       |       |       |       |     4 ||     4
         Distracted        |       |       |       |       |     1 ||     1
 Armour: Animal skin       |    12 |       |       |       |       ||    12
         Ring mail         |    42 |    66 |    45 |       |       ||   153
         Chain mail        |       |       |   189 |    55 |       ||   244
         Steam dragon scal |       |       |       |   264 |   176 ||   440
  Dodge: Dodged            |    99 |    88 |   174 |   336 |   193 ||   890
  Block: Tower shield      |       |       |       |   319 |   785 ||  1104

Table legend: (Time is in decaauts)
 A = Elapsed time spent in this place.
 B = Non-inter-level travel time spent in this place.
 C = Inter-level travel time spent in this place.
 D = Time resting spent in this place.
 E = Time spent auto-exploring this place.
 F = Levels seen in this place.
 G = Mean time per level.
                   A        B        C        D        E       F      G
               +--------+--------+--------+--------+--------+-----+--------+
         Total |  14389 |  13848 |    541 |     78 |   9858 |  18 |  799.4 |
       Dungeon |   7968 |   7671 |    297 |      0 |   5701 |  10 |  796.8 |
          Lair |   5721 |   5477 |    244 |     78 |   3829 |   5 | 1144.2 |
         Abyss |    446 |    446 |      0 |      0 |    202 |   2 |  223.0 |
         Sewer |    253 |    253 |      0 |      0 |    125 |   1 |  253.0 |
               +--------+--------+--------+--------+--------+-----+--------+

Top non-repeatable levels by time:
  Lair:1: 1373 daAuts
  Lair:5: 1360 daAuts
  Lair:2: 1115 daAuts
     D:1: 1106 daAuts
    D:10: 1012 daAuts
  Lair:4: 995 daAuts
     D:3: 920 daAuts
  Lair:3: 876 daAuts
     D:7: 814 daAuts
     D:2: 777 daAuts
     D:9: 757 daAuts
     D:4: 691 daAuts
     D:5: 674 daAuts
     D:8: 650 daAuts
     D:6: 563 daAuts
